 Dungeon Crawl Stone Soup version 0.17.0 (webtiles) character file.

194764 HungrySpirit the Bludgeoner (level 18, -1/119 HPs)
             Began as a Gargoyle Fighter on Nov 6, 2015.
             Was the Champion of Okawaru.
             Killed from afar by a manticore (14 damage)
             ... with a volley of spikes
             ... summoned by Kirke
             ... on level 2 of the Swamp.
             The game lasted 01:12:39 (36394 turns).

HungrySpirit the Bludgeoner (Gargoyle Fighter)     Turns: 36394, Time: 01:12:39

Health: -1/119     AC:  0    Str: 28    XL:     18   Next: 31%
Magic:  25/25      EV: 15    Int:  9    God:    Okawaru [******]
Gold:   2369       SH:  0    Dex:  9    Spells: 0 memorised, 17 levels left

rFire  . . .     SeeInvis .       - Unarmed
rCold  . . .     Clarity  .     (armour currently unavailable)
rNeg   + . .     SustAt   .     (shield currently unavailable)
rPois  ∞         Gourm    .     (helmet currently unavailable)
rElec  .         Spirit   .     (cloak currently unavailable)
rCorr  .         Warding  .     (gloves currently unavailable)
rMut   +         Stasis   .     (boots currently unavailable)
MR     +....                    K - amulet of resist mutation
Stlth  ++........               (ring currently unavailable)
                                (ring currently unavailable)

@: about to teleport, pig-form, heroism, manticore barbs, very slightly
contaminated, slowed, somewhat resistant to hostile enchantments, unstealthy
A: (big wings), negative energy resistance 1, (electricity resistance),
(unbreathing), petrification resistance, rot immunity, AC +13
a: Heroism, Finesse, Renounce Religion
}: 1/15 runes: gossamer


You were on level 2 of the Swamp.
You worshipped Okawaru.
Okawaru was exalted by your worship.
You were not hungry.
You were a filthy swine.
You visited 6 branches of the dungeon, and saw 34 of its levels.
You also visited: Labyrinth and Volcano.

You collected 3186 gold pieces.
You spent 817 gold pieces at shops.

Inventory:

Hand Weapons
 D - a +1 great mace of holy wrath
 G - a +5 eveningstar of protection (melded)
 T - a +3 morningstar of draining
Armour
 c - a +0 shield (melded)
 f - a +1 plate armour of poison resistance (melded)
 C - a +0 pair of boots (melded)
 E - a +1 cloak of magic resistance (melded)
 N - the -5 pair of gloves of Likielli (melded) {rC++ Int-3}
   (You acquired it on level 14 of the Dungeon)

   It affects your intelligence (-3).
   It greatly protects you from cold.
 Q - a +2 hat of see invisible (melded)
 V - a +2 pair of gloves
Jewellery
 w - the ring "Sisagh" (melded) {+Fly rPois Str+2 Dex+2}
   (You found it in a labyrinth)

   [ring of flight]

   It affects your strength (+2).
   It affects your dexterity (+2).
   It protects you from poison.
   It lets you fly.
 F - an uncursed ring of protection from cold
 H - an uncursed ring of sustain attributes
 K - an amulet of resist mutation (around neck)
 X - a ring of protection from fire (melded)
Wands
 g - a wand of digging (4)
 l - a wand of teleportation (5)
 p - a wand of heal wounds (1)
 v - a wand of teleportation (2)
 B - a wand of invisibility (3)
 O - a wand of teleportation (3)
 Y - a wand of disintegration (6)
Scrolls
 h - 7 scrolls of teleportation
 m - 5 scrolls of magic mapping
 n - 2 scrolls of enchant armour
 o - 6 scrolls of remove curse
 t - 4 scrolls of immolation
 x - 6 scrolls of recharging
 y - 4 scrolls of blinking
 I - a scroll of holy word {unknown}
 M - 2 scrolls of fear
 W - 2 scrolls of fog
 Z - 2 scrolls of enchant weapon
Potions
 a - 4 potions of brilliance
 b - 2 potions of cure mutation
 d - 2 potions of might
 i - 11 potions of curing
 q - 2 potions of lignification
 u - a potion of magic
 A - 4 potions of haste
 L - a potion of cancellation
 P - a potion of flight
 R - 4 potions of agility
 U - 2 potions of invisibility
Miscellaneous
 z - a phantom mirror
Comestibles
 e - 8 bread rations
 r - 9 beef jerkies
 J - 10 meat rations
 S - 14 royal jellies


   Skills:
 + Level 15.4(20.4) Fighting
 + Level 18.7(23.7) Maces & Flails
 + Level 15.4(20.4) Armour
 - Level 15.0(20.0) Shields
 + Level 10.5 Invocations


You had 17 spell levels left.
You didn't know any spells.

Dungeon Overview and Level Annotations

Branches:
Dungeon (15/15)            Temple (1/1) D:7            Lair (8/8) D:9
  Swamp (2/4) Lair:4       Spider (4/4) Lair:3        Slime (0/6) Lair:7
    Orc (4/4) D:11            Elf (0/3) Orc:4        Vaults (0/5) D:14
 Depths (0/5) D:15

Altars:
Cheibriados
Dithmenos
Elyvilon
Fedhas
Gozag
Kikubaaqudgha
Makhleb
Okawaru
Qazlal
Trog
Vehumet
Xom
Yredelemnul
The Shining One
Beogh

Shops:
Orc:1 *   Orc:3 }   Orc:4 ([([

Annotations:
Swamp:2 Kirke
Spider:2 exclusion: 2 oklob plants


Innate Abilities, Weirdness & Mutations

You are resistant to torment.
((Your stone body is resilient (AC +13).))
You are immune to poison.
((Your large and strong wings let you fly indefinitely.))
You resist negative energy.
((You are resistant to electric shocks.))
((You can survive without breathing.))
You are immune to petrification.
You are immune to rotting.


Message History

Drink which item? (? for menu, Esc to quit)
You feel much better.
Read which item? (? for menu, Esc to quit)
As you read the scroll of teleportation, it crumbles to dust.
You feel strangely unstable.
Read which item? (? for menu, Esc to quit)
Blink to where?
Press: ? - help, Dir - move target cursor
As you read the scroll of blinking, it crumbles to dust.
Kirke casts a spell.
Kirke flickers and vanishes!
Deactivating autopickup; reactivate with Ctrl-A.
The manticore flicks its tail.
The volley of spikes hits you!
The barbed spikes become lodged in your body.
* * * LOW HITPOINT WARNING * * *
The manticore flicks its tail.
The volley of spikes hits you!
The barbed spikes become lodged in your body.
You die...

♣..≈≈≈..≈≈♣♣ ♣♣♣..≈≈≈≈≈
♣♣♣...≈≈....≈♣♣♣♣ ♣♣.≈≈≈≈≈
♣♣♣≈.≈.≈......≈♣≈.♣♣♣♣?.≈≈≈≈
♣♣....≈.♣♣♣...†♣♣...♣....≈≈≈.
♣...♣≈......≈≈≈..≈≈..≈≈≈....≈
♣.≈.≈..≈.≈≈≈≈≈≈..≈≈.≈≈≈≈≈≈≈.≈
♣♣.......≈≈≈≈≈...≈≈§≈≈≈≈≈≈.≈≈
♣♣♣♣♣≈.....≈≈≈.≈≈..≈≈≈≈≈....≈≈
.♣♣.♣§....≈≈.≈≈≈h♣♣≈♣♣≈.......♣..
.....≈.≈≈≈≈≈.≈≈≈≈♣♣♣♣♣≈≈♣≈...♣♣♣.
.§..♣≈...≈≈≈..≈..♣♣♣ ♣.≈♣♣♣♣♣♣ ♣≈
≈.≈≈≈♣♣♣♣.........≈♣♣♣♣♣♣ ♣♣
.....k. .♣≈♣≈≈≈≈≈..≈♣
.≈..####..≈k.H≈≈>≈≈♣ ....#
....{≈≈≈≈≈♣ ..#H. .##.≈§..§♣♣♣ ≈.
.? #.≈≈..♣♣


You could see a manticore and a lindwurm.

Vanquished Creatures
  Arachne (Spider:4)
  Rupert (D:14)
  Gastronok (Lair:1)
  2 orc warlords (Orc:4)
  6 emperor scorpions
  5 ghost moths
  The ghost of BLOAX the Severer, a journeyman MiFi of Cheibriados (Spider:4)
  Azrael (Spider:3)
  An ettin (Orc:3)
  4 vault guards (D:14)
  Josephine (Orc:3)
  13 hydras
  A minotaur (Lab)
  An entropy weaver (Spider:2)
  2 ice dragons (D:15)
  An ogre mage (Orc:4)
  2 alligators
  4 centaur warriors
  2 orc high priests (Orc:4)
  2 tengu warriors
  9 death yaks
  A deep elf knight (D:12)
  An unseen horror (D:15)
  A swamp dragon (Swamp:2)
  2 wizards (D:12)
  2 orc knights
  A spriggan druid (Swamp:2)
  17 hill giants
  Pikel (D:3)
  A deep elf summoner (Orc:4)
  5 cyclopes
  17 orb spiders
  33 wolf spiders
  3 moths of wrath
  2 orc sorcerers (Orc:4)
  9 hornets
  9 ugly things
  A black mamba (shapeshifter) (D:15)
  3 centaur zombies
  2 griffons
  21 spiny frogs
  10 elephants
  Psyche (D:8)
  5 gargoyles
  9 black mambas
  A fire drake (Volcano)
  22 jumping spiders
  9 demonic crawlers
  10 komodo dragons
  A kobold demonologist (D:14)
  A polar bear (Lair:6)
  4 trolls
  A freezing wraith (D:9)
  A giant leech (Swamp:2)
  Prince Ribbit (D:9)
  A queen bee (D:14)
  A two-headed ogre (Orc:4)
  6 blink frogs
  4 slime creatures
  6 boulder beetles
  A centaur simulacrum (D:15)
  3 deep elf magi
  23 trapdoor spiders
  32 redbacks
  17 tarantellas
  18 hippogriffs
  6 wraiths
  4 shadows
  5 fire bats (Volcano)
  A vampire (D:14)
  4 fire elementals (Spider:3)
  58 yaks
  A wyvern (Lair:8)
  Eustachio (D:12)
  5 hogs (Swamp:2)
  2 deep elf fighters (Orc:4)
  A mottled dragon (Volcano)
  30 water moccasins
  3 basilisks
  Menkaure (D:5)
  2 hungry ghosts
  47 wolves
  3 wargs
  2 steam dragons
  8 swamp worms
  17 ogres
  8 vampire mosquitoes
  5 swamp drakes
  3 soldier ants
  2 hell hounds (Spider:3)
  12 porcupines
  26 orc warriors
  2 necrophages
  2 ice beasts
  28 spiders
  An eye of draining (shapeshifter) (D:13)
  4 sky beasts
  10 centaurs
  2 slaves (D:4)
  5 wasps
  4 big kobolds
  Blork the orc (D:12)
  19 crocodiles
  A brain worm (D:15)
  17 giant frogs
  14 iguanas
  47 killer bees
  A wyvern skeleton (D:13)
  3 scorpions
  7 wights
  6 crimson imps
  2 lava snakes (Volcano)
  2 quasits
  A giant frog zombie (D:7)
  12 hounds
  8 jellies
  35 orc wizards
  6 centaur skeletons
  3 giant frog skeletons
  31 orc priests
  7 hell rats
  A killer bee zombie (D:6)
  13 worker ants
  16 sheep
  2 hound zombies (D:6)
  50 river rats
  21 adders
  8 gnolls
  5 shadow imps
  An ooze (D:2)
  2 worms
  226 orcs
  8 giant cockroaches
  5 goblins
  11 hobgoblins
  5 quokkas
  2 ball pythons
  14 bats
  7 giant geckos
  5 giant newts
  10 jackals
  A jackal skeleton (D:8)
  16 kobolds
  5 rats
  A plant (Lair:8)
1354 creatures vanquished.

Vanquished Creatures (others)
  A wolf spider (Spider:2)
  2 slaves (D:4)
  An orc wizard (D:9)
  An orc (Orc:1)
  A quokka (D:12)
  2 giant geckos (D:9)
  23 fungi
  11 plants
42 creatures vanquished.

Grand Total: 1396 creatures vanquished

Notes
Turn   | Place    | Note
--------------------------------------------------------------
     0 | D:1      | HungrySpirit the Gargoyle Fighter began the quest for the Orb.
     0 | D:1      | Reached XP level 1. HP: 14/14 MP: 1/1
   109 | D:1      | Reached XP level 2. HP: 14/19 MP: 2/2
   343 | D:1      | Reached XP level 3. HP: 20/23 MP: 3/3
   741 | D:2      | Found an ancient bone altar of Kikubaaqudgha.
   821 | D:2      | Found a basalt altar of Yredelemnul.
   824 | D:2      | Found a shadowy altar of Dithmenos.
   959 | D:2      | Reached skill level 4 in Maces & Flails
  1059 | D:2      | Reached XP level 4. HP: 28/28 MP: 4/4
  1222 | D:2      | Found an iron altar of Okawaru.
  1239 | D:2      | Became a worshipper of Warmaster Okawaru
  1503 | D:3      | Found a snail-covered altar of Cheibriados.
  2280 | D:4      | Reached skill level 5 in Maces & Flails
  2280 | D:4      | Reached XP level 5. HP: 21/32 MP: 5/5
  2509 | D:4      | Noticed Pikel
  2509 | D:4      | Noticed a slave
  2509 | D:4      | Noticed a slave
  2510 | D:4      | Noticed a slave
  2542 | D:3      | Killed Pikel
  2542 | D:3      | Reached * piety under Okawaru
  2542 | D:3      | Reached skill level 8 in Maces & Flails
  2542 | D:3      | Reached XP level 6. HP: 27/37 MP: 6/6
  2542 | D:3      | Reached XP level 7. HP: 29/41 MP: 7/7
  2615 | D:4      | Killed a freed slave
  2623 | D:4      | Noticed a freed slave
  2640 | D:4      | Killed a freed slave
  2836 | D:4      | Found a radiant altar of Vehumet.
  2934 | D:4      | Killed a freed slave
  2979 | D:4      | Found a burning altar of Makhleb.
  2980 | D:4      | Noticed an ogre
  2981 | D:4      | Killed an ogre
  3107 | D:4      | Killed a freed slave
  3468 | D:5      | Entered Level 5 of the Dungeon
  3502 | D:5      | Found a white marble altar of Elyvilon.
  3675 | D:5      | Reached skill level 9 in Maces & Flails
  3703 | D:5      | Noticed Menkaure
  3707 | D:5      | Reached XP level 8. HP: 34/46 MP: 8/8
  3878 | D:5      | Killed Menkaure
  4400 | D:6      | Reached skill level 10 in Maces & Flails
  4477 | D:6      | Reached ** piety under Okawaru
  4503 | D:6      | Found a shimmering altar of Xom.
  4897 | D:6      | Reached XP level 9. HP: 51/51 MP: 9/9
  4922 | D:6      | Reached skill level 11 in Maces & Flails
  4977 | D:6      | Noticed a gargoyle
  4985 | D:6      | Killed a gargoyle
  5511 | D:6      | Reached skill level 5 in Fighting
  5511 | D:6      | Reached skill level 5 in Shields
  5642 | D:6      | Found a bloodstained altar of Trog.
  5930 | D:7      | Reached *** piety under Okawaru
  6312 | D:7      | Found a staircase to the Ecumenical Temple.
  6409 | D:7      | Reached XP level 10. HP: 59/61 MP: 10/10
  6474 | D:7      | Found a glowing golden altar of the Shining One.
  6937 | D:7      | Found an opulent altar of Gozag.
  7174 | D:7      | Reached skill level 12 in Maces & Flails
  7210 | Temple   | Entered the Ecumenical Temple
  7247 | Temple   | Reached **** piety under Okawaru
  7616 | D:8      | Noticed Psyche
  7860 | D:7      | Gained mutation: You are frail (-10% HP). [potion of mutation]
  8272 | D:8      | Found a blossoming altar of Fedhas.
  8350 | D:8      | Killed Psyche
  8513 | D:8      | Found a stormy altar of Qazlal.
  9801 | D:9      | Noticed Prince Ribbit
  9823 | D:9      | Killed Prince Ribbit
 10128 | D:9      | Found a staircase to the Lair.
 10473 | D:9      | Reached XP level 11. HP: 60/62 MP: 11/11
 10669 | Lair:1   | Entered Level 1 of the Lair of Beasts
 10706 | Lair:1   | Reached ***** piety under Okawaru
 10970 | Lair:1   | Reached skill level 13 in Maces & Flails
 11256 | Lair:1   | Received a gift from Okawaru
 11268 | Lair:1   | Noticed a four-headed hydra
 11277 | Lair:1   | Killed a four-headed hydra
 11433 | Lair:1   | Noticed Gastronok
 11444 | Lair:1   | HP: 2/63 [Gastronok/the air (12)]
 11459 | Lair:1   | Killed Gastronok
 11459 | Lair:1   | Received a gift from Okawaru
 11459 | Lair:1   | Reached skill level 10 in Fighting
 11459 | Lair:1   | Reached skill level 10 in Shields
 11494 | Lair:1   | Got a bloodstained scimitar {god gift}
 11576 | Lair:1   | Noticed a five-headed hydra
 11589 | Lair:1   | Killed a five-headed hydra
 11778 | Lair:1   | Reached XP level 12. HP: 61/70 MP: 12/12
 12232 | Lair:2   | Found a labyrinth entrance.
 12241 | Lab      | Entered a labyrinth
 12406 | Lab      | Noticed a minotaur
 12414 | Lab      | Killed a minotaur
 12420 | Lab      | Got a twitching turquoise ring
 12424 | Lab      | Identified the ring "Sisagh" {+Fly rPois Str+2 Dex+2} (You found it in a labyrinth)
 12778 | Lair:2   | Reached skill level 14 in Maces & Flails
 12789 | Lair:2   | Received a gift from Okawaru
 13428 | Lair:3   | Found a dark tunnel.
 13433 | Volcano  | Entered a volcano
 13539 | Volcano  | Lost mutation: You are frail (-10% HP). [potion of cure mutation]
 13702 | Volcano  | Found a radiant altar of Vehumet.
 14007 | Lair:3   | Found a hole to the Spider Nest.
 14199 | Lair:3   | Reached skill level 5 in Armour
 14206 | Lair:3   | Reached XP level 13. HP: 71/84 MP: 13/13
 14892 | Lair:4   | Found a staircase to the Swamp.
 14951 | Lair:4   | Reached ****** piety under Okawaru
 14951 | Lair:4   | Received a gift from Okawaru
 15474 | Lair:4   | Reached skill level 15 in Maces & Flails
 16143 | Lair:5   | You fall through a shaft!
 16937 | Lair:6   | Received a gift from Okawaru
 17422 | Lair:7   | Gained mutation: Your large and strong wings let you fly indefinitely. [Gargoyle growth]
 17422 | Lair:7   | Reached XP level 14. HP: 88/90 MP: 14/14
 17542 | Lair:7   | Found a staircase to the Slime Pits.
 17971 | Lair:7   | Received a gift from Okawaru
 17974 | Lair:7   | Got an encrusted war axe {god gift}
 18379 | Lair:8   | Entered Level 8 of the Lair of Beasts
 18444 | Lair:8   | Reached skill level 16 in Maces & Flails
 18919 | Lair:8   | Received a gift from Okawaru
 18995 | Lair:8   | Reached skill level 10 in Armour
 19603 | Lair:8   | Received a gift from Okawaru
 20670 | Lair:2   | Reached XP level 15. HP: 77/95 MP: 15/15
 20890 | D:10     | Entered Level 10 of the Dungeon
 20920 | D:10     | Reached skill level 15 in Shields
 21399 | D:11     | Found a glowing golden altar of the Shining One.
 21489 | D:11     | Found a white marble altar of Elyvilon.
 21606 | D:11     | Found a staircase to the Orcish Mines.
 22035 | Orc:1    | Entered Level 1 of the Orcish Mines
 22176 | D:11     | Received a gift from Okawaru
 23071 | Orc:3    | Reached skill level 1 in Invocations
 23314 | Orc:3    | Found a roughly hewn altar of Beogh.
 23496 | Orc:3    | Noticed Josephine
 23518 | Orc:3    | Killed Josephine
 23656 | Orc:3    | Found Ecwirano's Gadget Shoppe.
 24176 | Orc:1    | Found Muskeyroe's General Store.
 24337 | Orc:4    | Entered Level 4 of the Orcish Mines
 24762 | Orc:4    | Found Baxegeq's Antique Weapon Boutique.
 24763 | Orc:4    | Found a roughly hewn altar of Beogh.
 24766 | Orc:4    | Found Urelyfia's Antique Armour Shop.
 24877 | Orc:4    | Found a staircase to the Elven Halls.
 24900 | Orc:4    | Reached skill level 17 in Maces & Flails
 25025 | Orc:4    | Received a gift from Okawaru
 25214 | Orc:4    | Found a roughly hewn altar of Beogh.
 25251 | Orc:4    | Found a roughly hewn altar of Beogh.
 25391 | Orc:4    | Found a roughly hewn altar of Beogh.
 25392 | Orc:4    | Found Bualeulu's Antique Armour Boutique.
 25449 | Orc:4    | Found a roughly hewn altar of Beogh.
 25488 | Orc:4    | Found a roughly hewn altar of Beogh.
 25527 | Orc:4    | Found a roughly hewn altar of Beogh.
 25550 | Orc:4    | Found Pikusiav's Weapon Boutique.
 25619 | Orc:4    | Bought an embroidered cloak for 144 gold pieces
 25619 | Orc:4    | Bought a pair of glowing gloves for 144 gold pieces
 25679 | Orc:4    | Bought a shiny plate armour for 529 gold pieces
 26192 | D:12     | Noticed Blork the orc
 26193 | D:12     | Noticed Eustachio
 26216 | D:12     | Killed Blork the orc
 26220 | D:12     | Killed Eustachio
 26691 | D:13     | Received a gift from Okawaru
 27055 | D:13     | Reached XP level 16. HP: 103/103 MP: 19/19
 27501 | D:14     | Reached skill level 5 in Invocations
 27650 | D:14     | Found a gate to the Vaults.
 27817 | D:14     | Identified a scroll of acquirement
 27820 | D:14     | Got a pair of warped gloves
 27837 | D:14     | Identified the -5 pair of gloves of Likielli {rC++ Int-3} (You acquired it on level 14 of the Dungeon)
 27994 | D:14     | Noticed Rupert
 28026 | D:14     | Killed Rupert
 28582 | D:15     | Entered Level 15 of the Dungeon
 28889 | D:15     | Received a gift from Okawaru
 29046 | D:15     | Found a staircase to the Depths.
 29713 | Spider:1 | Entered Level 1 of the Spider Nest
 30803 | Spider:2 | Reached XP level 17. HP: 48/111 MP: 22/22
 31060 | Spider:2 | Reached skill level 18 in Maces & Flails
 31223 | Spider:2 | Received a gift from Okawaru
 32612 | Spider:3 | Noticed Azrael
 32644 | Spider:3 | Killed Azrael
 33279 | Spider:4 | Entered Level 4 of the Spider Nest
 33310 | Spider:4 | Noticed Arachne
 33328 | Spider:4 | Killed Arachne
 33611 | Spider:4 | Noticed BLOAX's ghost (journeyman MiFi)
 33622 | Spider:4 | Killed BLOAX's ghost
 33629 | Spider:4 | Received a gift from Okawaru
 33800 | Spider:4 | Reached skill level 10 in Invocations
 33819 | Spider:4 | Reached skill level 15 in Armour
 33822 | Spider:4 | Reached skill level 15 in Fighting
 33845 | Spider:4 | Reached XP level 18. HP: 68/119 MP: 0/25
 33995 | Spider:4 | Got a gossamer rune of Zot
 35132 | Swamp:1  | Entered Level 1 of the Swamp
 36368 | Swamp:2  | Noticed Kirke
 36390 | Swamp:2  | HP: 1/119 [manticore[Kirke] (11)]
 36394 | Swamp:2  | Killed from afar by a manticore

Action                   |  1- 3 |  4- 6 |  7- 9 | 10-12 | 13-15 | 16-18 || total
-------------------------+-------+-------+-------+-------+-------+-------++-------
Melee: Flail             |   156 |   135 |   254 |       |       |       ||   545
       Morningstar       |       |       |   175 |   795 |  2123 |   454 ||  3547
       Eveningstar       |       |       |       |       |       |  1128 ||  1128
       Unarmed           |       |       |       |       |       |     2 ||     2
Invok: Heroism           |       |       |     1 |    14 |     7 |     9 ||    31
       Finesse           |       |       |       |       |     2 |     2 ||     4
Evoke: Wand              |       |       |     4 |     4 |     5 |       ||    13
  Use: Potion            |       |     1 |     2 |     9 |     1 |     3 ||    16
       Scroll            |       |       |       |    22 |     7 |    10 ||    39
 Stab: Confused          |       |       |       |     1 |       |       ||     1
       Invisible         |       |       |       |       |     5 |       ||     5
  Eat: Chunk             |     1 |     4 |    14 |    25 |    35 |    18 ||    97
       Bread ration      |       |       |     1 |     1 |       |       ||     2
       Beef jerky        |       |       |       |     1 |       |       ||     1
       Royal jelly       |       |       |       |     1 |       |     4 ||     5
       Fruit             |       |       |       |       |    11 |     4 ||    15
       Pizza             |       |       |       |       |       |     2 ||     2
